 Dungeon Crawl Stone Soup version 0.31-a0-237-g2d982f9f85 (webtiles) character file.

Game seed: 8545096316062210981

236 qw the Shooter (level 5, 0/45 HPs)
             Began as a Minotaur Hexslinger on July 11, 2023.
             Slain by an ogre
             ... wielding a +0 giant spiked club
              (9 damage)
             ... on level 4 of the Dungeon.
             The game lasted 00:01:09 (2464 turns).

qw the Shooter (Minotaur Hexslinger)                Turns: 2464, Time: 00:01:10

Health: 0/45       AC:  5    Str: 19    XL:     5   Next: 77%
Magic:  5/5        EV: 12    Int: 10    God:
Gold:   67         SH:  5    Dex: 14    Spells: 5/6 levels left

rFire   . . .        Y - +1 sling
rCold   . . .        (no shield)
rNeg    . . .        g - +2 leather armour {rPois}
rPois   +            (helmet restricted)
rElec   .            (no cloak)
rCorr   .            (no gloves)
SInv    .            (no boots)
Will    +....        i - amulet of reflection
Stlth   +            d - ring of willpower
HPRegen 0.27/turn    k - +6 ring of strength
MPRegen 0.09/turn

%: reflection
@: about to teleport
A: horns 2, retaliatory headbutt
a: no special abilities


You were on level 4 of the Dungeon.
You visited 1 branch of the dungeon, and saw 4 of its levels.

You collected 67 gold pieces.


Innate Abilities, Weirdness & Mutations

You have a pair of horns on your head.
You reflexively headbutt those who attack you in melee.


   Skills:
 + Level 3.0 Fighting
 - Level 6.1 Ranged Weapons
 - Level 2.1 Dodging
 - Level 1.0 Spellcasting
 - Level 2.0 Hexes


You had 5 spell levels left.
You knew the following spells:

 Your Spells              Type           Power      Damage    Failure   Level
a - Slow                  Hex            16%        N/A       19%         1

Your spell library contained the following spells:

 Spells                   Type           Power      Damage    Failure   Level
 Inner Flame              Hex/Fire       2%         N/A       63%         3
 Portal Projectile        Hex/Tloc       4%         N/A       63%         3
 Cause Fear               Hex            2%         N/A       87%         4

Inventory:

Hand Weapons
 Y - a +1 sling (weapon)
Armour
 g - a +2 leather armour of poison resistance (worn)
 j - a +2 robe of fire resistance
 m - a +4 ring mail of willpower
Jewellery
 d - a ring of willpower (left hand)
 i - an amulet of reflection (around neck)
 k - a +6 ring of strength (right hand)
Scrolls
 b - a scroll of identify
 f - 2 scrolls of teleportation
Potions
 a - a potion of enlightenment
 c - a potion of invisibility {unknown}
 e - a potion of curing {unknown}
 h - a potion of resistance {unknown}

Dungeon Overview and Level Annotations

Branches:
Dungeon (4/15)
 Temple: D:4-7

Altars:


Message History

You shoot a sling bullet. The sling bullet hits the orc priest.
The orc priest is almost dead.
The orc priest splashes around in the water.
You shoot a sling bullet.
The sling bullet barely misses the orc priest.
The orc splashes around in the water.
The orc hits you but does no damage.
The orc priest splashes around in the water.
An ogre comes into view. It is wielding a +0 giant spiked club.
You shoot a sling bullet. The ogre shouts!
The sling bullet hits the orc priest!
You kill the orc priest!
You hear a splash. x2
The orc completely misses you. The orc hits you but does no damage. x2
Your Ranged Weapons skill increases to level 6!
You shoot a sling bullet. The sling bullet barely misses the orc.
The orc hits you with a +0 hand axe. The orc hits you with a +0 short sword.
You shoot a sling bullet. The sling bullet hits the orc.
The orc is severely wounded.
The orc barely misses you. You furiously retaliate!
You headbutt the orc.
You kill the orc!
You hear a splash.
The orc misses you.
You shoot a sling bullet. The sling bullet hits the orc.
The orc is moderately wounded.
You block the orc's attack.
You shoot a sling bullet. The sling bullet hits the orc.
The orc is heavily wounded.
The orc splashes around in the water.
You shoot a sling bullet. The sling bullet hits the orc.
You kill the orc!
You hear a splash.
The ogre hits you with a +0 giant spiked club!
2463 ||| READING 3 scrolls of teleportation.
As you read the scroll of teleportation, it crumbles to dust.
You feel strangely unstable.
You shoot a sling bullet. The sling bullet hits the ogre!
The ogre is moderately wounded.
The ogre hits you with a +0 giant spiked club!
You die...

#.# #.# #.# # # #.# ~77~~
#.# 7~~~~) #.# ##7~P~~~~
#.###))~~P~~~ #....@O7
#.#####~~~~~~ #?# ~~~~~
#.# 77~~ #.# ~ #.#
########.# ~~. #........#
7~~.~~~
#.####7~~77###7777~~~.~~~


You could see an ogre.

Vanquished Creatures
  A howler monkey (D:4)
  An orc priest (D:4)
  Terence (D:2)
  6 adders
  5 worms
  A dart slug (D:1)
  5 orcs
  2 ball pythons
  7 bats
  4 endoplasms
  4 giant cockroaches
  11 goblins
  5 hobgoblins
  3 kobolds
  5 quokkas
  6 rats
67 creatures vanquished.

Notes
Turn   | Place    | Note
-------+----------+-------------------------------------------
     0 | D:1      | qw the Minotaur Hexslinger began the quest for the Orb.
     0 | D:1      | Reached XP level 1. HP: 16/16 MP: 1/1
     0 | D:1      | 0 ||| qw: Version: 0.3-a-52-g30416fa
     0 | D:1      | 0 ||| qw: Game counter: 5675
     0 | D:1      | 0 ||| qw: Melee chars always use a shield: true
     0 | D:1      | 0 ||| qw: God list: Okawaru
     0 | D:1      | 0 ||| qw: Allow faded altars: false
     0 | D:1      | 0 ||| qw: Do Orc after clearing Dungeon:15 true
     0 | D:1      | 0 ||| qw: Do second Lair branch before Depths: true
     0 | D:1      | 0 ||| qw: Lair rune preference: random
     0 | D:1      | 0 ||| qw: Goals: Normal
     0 | D:1      | 0 ||| PLANNING D:1-11
   238 | D:1      | Reached skill level 3 in Ranged Weapons
   238 | D:1      | Reached XP level 2. HP: 9/23 MP: 2/2
   552 | D:1      | 552 ||| UPGRADING to +0 ring mail.
   562 | D:1      | 562 ||| DROPPING +0 robe.
   563 | D:1      | 563 ||| UPGRADING to +2 leather armour of poison
                  | resistance.
   573 | D:1      | 573 ||| DROPPING +0 ring mail.
   574 | D:1      | 574 ||| UPGRADING to amulet of reflection.
   579 | D:1      | 579 ||| READING scroll labelled SEDIACH SUDDUM.
   580 | D:1      | 580 ||| READING scroll labelled YZOICO PUGUG.
   581 | D:1      | 581 ||| DROPPING scroll of poison.
   634 | D:2      | HP: 6/24 [worm (3)]
   792 | D:2      | Reached XP level 3. HP: 29/29 MP: 3/3
   986 | D:2      | Noticed Terence
  1000 | D:2      | Killed Terence
  1001 | D:2      | Reached skill level 4 in Ranged Weapons
  1280 | D:2      | Reached XP level 4. HP: 36/36 MP: 4/4
  1453 | D:2      | 1453 ||| READING 2 scrolls labelled NOROTE MUTORE.
  1454 | D:2      | 1454 ||| READING scroll labelled GOISTY XAKLOF.
  1455 | D:2      | 1455 ||| READING scroll labelled TYLIBLATRU.
  1459 | D:2      | 1459 ||| READING 2 scrolls labelled IHIARCH XUOCACS.
  1460 | D:2      | 1460 ||| DRINKING 2 fuming green potions.
  1465 | D:2      | 1465 ||| READING 2 scrolls of identify.
  1465 | D:2      | 1465 ||| IDENTIFYING sedimented blue potion
  1466 | D:2      | 1466 ||| DROPPING potion of ambrosia.
  1467 | D:2      | 1467 ||| DROPPING scroll of fear.
  1468 | D:2      | 1468 ||| DROPPING scroll of vulnerability.
  1480 | D:3      | 1480 ||| PLANNING SEWER
  1541 | D:3      | Reached skill level 5 in Ranged Weapons
  1602 | D:3      | Found a glowing drain.
  1935 | D:3      | Reached skill level 3 in Fighting
  2094 | D:3      | 2094 ||| RIP SEWER
  2095 | D:3      | 2095 ||| PLANNING D:1-11
  2134 | D:3      | Reached XP level 5. HP: 43/45 MP: 5/5
  2198 | D:3      | 2198 ||| UPGRADING to ring of willpower.
  2199 | D:3      | 2199 ||| UPGRADING to +6 ring of strength.
  2200 | D:3      | 2200 ||| DRINKING 2 metallic cyan potions.
  2201 | D:3      | 2201 ||| DROPPING potion of attraction.
  2236 | D:4      | 2236 ||| Stepping ~*~*~tactically~*~*~ (water).
  2310 | D:4      | 2310 ||| Stepping ~*~*~tactically~*~*~ (water).
  2456 | D:4      | Noticed an ogre
  2458 | D:4      | Reached skill level 6 in Ranged Weapons
  2462 | D:4      | HP: 8/45 [ogre/+0 giant spiked club (13)]
  2463 | D:4      | 2463 ||| READING 3 scrolls of teleportation.
  2464 | D:4      | Slain by an ogre

Levels and vault maps discovered:
D:1:      onia_arrival_pentagram, layout_basic
D:2:      layout_loops_cross, minmay_misc_feat_pillars, uniq_terence
D:3:      layout_basic, portal_sewer_entry_c, grunt_ministairs_3
D:4:      layout_loops_ring, serial_bayou, serial_bayou_lagoon_b,
          serial_bayou_lagoon_a, serial_bayou_crossing, serial_bayou_ford_a,
          biasface_ghost_orc_armoury, minmay_mini_ossuary

Skill      XL: |  1  2  3  4  5 |
---------------+----------------+-----
Ranged Weapons | 3 4 5 6 |  6.1
Fighting       | 2 3 |  3.0
Dodging        | |  2.1
Spellcasting   | |  1.0
Hexes          | |  2.0

Action                     |  1- 3 |  4- 6 || total
---------------------------+-------+-------++-------
   Fire: Sling             |    88 |   178 ||   266
    Use: Scroll            |     2 |     6 ||     8
         Potion            |       |     2 ||     2
 Armour: Robe              |     1 |       ||     1
         Leather armour    |     8 |    30 ||    38
  Dodge: Dodged            |    21 |    46 ||    67
  Block: Other             |     3 |    15 ||    18

Table legend:
 A = Non-vault XP
 B = Vault XP
 C = Vault XP percentage of total XP
 D = Non-vault monster count
 E = Vault monster count
 F = Vault count percentage of total count
                 A         B        C        D         E       F
            +---------+---------+-------+---------+---------+-------
      Total |     299 |      39 |  11.5 |      64 |       3 |   4.5
            +---------+---------+-------+---------+---------+-------
        D:1 |      27 |       0 |   0.0 |      13 |       0 |   0.0
        D:2 |      57 |      36 |  38.7 |      17 |       1 |   5.6
        D:3 |      83 |       3 |   3.5 |      22 |       2 |   8.3
        D:4 |     132 |       0 |   0.0 |      12 |       0 |   0.0
            +---------+---------+-------+---------+---------+-------
